Map: Cradle of Death

Players

larsgj

  • Race: Terran Terran

wasp

  • Race: Protoss Protoss

VOD

Have the link to the VOD?

Description

Time

  • Played on: Sept. 13, 2018, 12:47 p.m.
  • Length: 35:34
Show
View Real Time Build Order
Export as new Build Order

larsgj Terran 

Build Orders:  

Get SALT Encoding   

    0:00  Orbital Command, SCV x12  
    0:09  Unknown x3  
  12  0:14  SCV  
  13  0:28  Supply Depot  
  13  0:30  Unknown  
  13  0:35  SCV  
  14  0:52  SCV  
  15  1:03  Barracks  
  15  1:09  SCV  
  16  1:19  Supply Depot  
  16  1:31  Refinery  
  16  1:39  Refinery  
  16  1:42  Marine  
  17  2:04  Barracks  
  17  2:10  SCV  
  18  2:27  Marine, SCV  
  20  2:44  SCV  
  21  2:50  Supply Depot  
  21  2:56  Marine  
  22  3:01  SCV  
  23  3:18  SCV  
  24  3:35  SCV  
  24  3:36  Supply Depot  
  25  3:44  Marine  
  26  3:51  Marine  
  26  3:52  SCV  
  26  3:57  Marine  
  29  4:03  Marine  
  29  4:09  SCV, Marine  
  32  4:25  Unknown, SCV  
  33  4:30  Engineering Bay  
  33  4:33  Barracks Tech Lab  
  33  4:35  Barracks Tech Lab  
  33  4:42  SCV  
  34  5:08  Marine x2  
  36  5:19  Stabilizer Medpacks  
  36  5:20  Marine  
  36  5:21  Marine  
  38  5:33  Medic x2  
  42  5:45  Medic  
  42  5:46  Medic  
  46  6:03  Supply Depot  
  46  6:35  Supply Depot  
  46  7:00  Marine  
  46  7:01  Marine  
  48  7:13  Marine x2  
  50  7:25  Marine  
  50  7:26  Marine  
  51  7:38  Marine x2  
  53  7:50  Marine  
  53  7:51  Marine  
  55  8:06  Supply Depot  
  55  8:09  Terran Infantry Weapons Level 1  
  55  8:33  Unknown  
  55  8:38  Factory  
  55  8:39  Supply Depot  
  55  8:41  SCV  
  56  8:58  SCV  
  57  9:10  Supply Depot  
  57  9:14  SCV  
  58  9:26  Command Center  
  58  9:31  Marine, SCV  
  60  9:41  Supply Depot  
  60  9:48  SCV  
  61  9:56  Armory  
  61  10:05  SCV  
  61  10:07  Barracks  
  62  10:13  Supply Depot  
  62  10:22  SCV  
  63  10:44  Supply Depot  
  63  10:49  Terran Infantry Armor Level 1  
  63  10:58  Marine  
  63  10:59  Marine  
  65  11:11  Marine x2  
  67  11:23  Marine  
  67  11:24  Marine  
  69  11:36  Marine x2  
  71  11:48  Marine  
  71  11:49  Marine  
  73  12:19  Marauder, Medic, Refinery  
  75  12:23  Refinery  
  77  12:32  Medic  
  77  12:34  Medic  
  81  12:44  Medic  
  81  12:46  Medic  
  85  12:56  Marine  
  85  12:59  Marine  
  87  13:09  Marine  
  88  13:11  Marine  
  88  13:17  SCV, Missile Turret  
  90  13:29  Structure Armor  
  90  13:34  SCV  
  90  13:39  Neosteel Frame  
  91  13:49  Medic x2  
  93  13:51  SCV, Marine  
  97  14:01  Medic x2  
  97  14:03  Marine  
  97  14:08  SCV  
  103  14:14  Marine x2  
  103  14:16  Marine  
  106  14:25  SCV  
  106  14:26  Marine  
  108  15:29  Terran Infantry Weapons Level 2  
  108  15:40  Unknown  
  108  16:00  Unknown  
  108  16:09  SCV  
  109  16:26  SCV  
  110  16:43  SCV  
  111  17:00  SCV  
  112  17:17  SCV  
  113  17:48  Supply Depot  
  113  18:01  Unknown  
  113  18:11  Medic x2  
  113  18:13  Marine  
  118  18:20  Orbital Command, Supply Depot  
  118  18:24  Medic x2  
  118  18:26  Marine  
  118  18:29  Orbital Command  
  123  18:36  Marine, Medic  
  123  18:38  Marine  
  123  18:39  Terran Infantry Armor Level 2  
  127  18:48  Medic  
  127  18:49  Marine  
  130  18:50  Marine  
  130  18:51  Supply Depot  
  130  18:56  Supply Depot  
  131  19:01  Marine x2  
  131  19:03  Marine  
  131  19:04  Supply Depot  
  134  19:36  Supply Depot  
  133  20:07  Supply Depot  
  132  20:26  Unknown  
  132  20:39  Supply Depot  
  132  21:12  Supply Depot  
  132  21:35  Unknown  
  132  21:52  Terran Infantry Weapons Level 3  
  132  21:55  Unknown  
  132  22:23  Firebat  
  132  22:24  Firebat  
  132  22:28  Barracks Tech Lab  
  136  22:38  Firebat  
  136  22:39  Firebat  
  140  22:53  Firebat  
  140  22:54  Firebat  
  144  23:08  Firebat  
  144  23:09  Firebat  
  148  23:16  Medic  
  150  23:23  Firebat  
  150  23:24  Firebat  
  150  23:28  Medic  
  156  23:37  Medic  
  156  23:38  Medic  
  160  23:41  Medic  
  162  23:50  Firebat  
  162  23:51  Firebat  
  162  23:54  Firebat  
  168  24:05  Firebat  
  168  24:06  Firebat  
  168  24:09  Firebat  
  174  25:32  Terran Infantry Armor Level 3  
  171  26:30  Unknown  
  174  26:43  Marauder  
  173  26:51  Supply Depot  
  173  27:22  Marauder x3  
  173  27:25  Supply Depot  
  179  27:36  Marauder  
  181  27:55  Marauder x3  
  181  27:57  Supply Depot  
  187  28:10  Marauder  
  189  28:27  Marauder x3  
  189  28:28  Supply Depot  
  195  28:42  Marauder  
  197  28:58  Marauder  
  199  29:51  Marauder  
Show
View Real Time Build Order
Export as new Build Order

wasp Protoss 

Build Orders:  

Get SALT Encoding   

    0:00  Probe x12 (Chrono Boost)  
    0:09  Unknown x4  
  12  0:26  Pylon  
  12  0:33  Unknown  
  12  1:28  Pylon  
  12  1:37  Gateway  
  12  1:50  Gateway  
  12  2:27  Pylon  
  12  2:32  Forge  
  12  2:44  Zealot  
  12  2:45  Assimilator  
  14  2:57  Zealot  
  16  3:15  Zealot  
  18  3:31  Zealot  
  20  3:58  Cybernetics Core  
  20  4:14  Gateway  
  20  5:19  Zealot x3  
  26  5:20  Zealot  
  26  5:21  Zealot x3  
  34  5:38  Twilight Council  
  34  5:48  Zealot  
  36  6:10  Zealot  
  38  8:30  Unknown  
  38  9:05  Nexus  
  38  9:19  Assimilator  
  38  9:24  Assimilator  
  38  9:32  Pylon  
  38  9:42  Pylon  
  38  10:00  Gateway  
  38  10:01  Gateway  
  38  10:13  Gateway  
  38  10:27  Stargate  
  38  10:40  Zealot x2  
  38  10:41  Zealot  
  38  10:42  Zealot x2  
  48  11:09  Probe (Chrono Boost)  
  49  11:23  Probe (Chrono Boost)  
  50  11:36  Zealot  
  50  11:37  Probe (Chrono Boost)  
  53  11:48  Zealot  
  55  11:51  Probe (Chrono Boost)  
  55  11:56  Probe (Chrono Boost)  
  57  12:05  Probe (Chrono Boost)  
  58  12:10  Probe (Chrono Boost)  
  59  12:24  Probe (Chrono Boost)  
  60  12:33  Phoenix  
  62  12:44  Zealot  
  64  13:46  Whirlwind  
  64  15:16  Singularity Charge  
  64  16:14  Phoenix  
  64  16:16  Charge  
  64  16:49  Phoenix  
  58  18:04  Unknown  
  58  18:14  Phoenix  
  58  18:18  Zealot  
  58  18:19  Zealot x3  
  68  18:20  Zealot  
  70  19:36  Protoss Air Weapons Level 1  
  70  21:10  Phoenix  
  28  22:15  Protoss Air Armor Level 1  
  22  23:20  Zealot x2  
  22  23:21  Zealot  
  22  23:22  Zealot x2  
  22  23:23  Zealot x3  
  22  23:24  Zealot  
  40  23:58  Zealot  
  40  23:59  Zealot x2  
  46  24:10  Zealot  
  46  24:16  Zealot  
  46  24:17  Zealot  
  52  24:29  Phoenix  
  54  25:04  Phoenix  
  56  25:39  Phoenix  
  58  26:14  Phoenix  
  60  26:33  Unknown  
  60  26:49  Phoenix  
  62  26:58  Zealot x2  
  66  27:31  Zealot x2  
  70  28:04  Pylon  
  70  28:18  Pylon  
  70  28:29  Probe (Chrono Boost)  
  71  28:43  Probe (Chrono Boost)  
  72  28:57  Probe (Chrono Boost)  
  73  29:00  Dragoon  
  73  29:03  Dragoon x2  
  73  29:04  Dragoon x3  
  85  29:11  Probe (Chrono Boost)  
  86  29:41  Trillic Compresion Mesh  
  86  30:02  Pylon  
  86  31:56  Zealot x2  
  86  31:57  Zealot x2  
  94  32:23  Pylon  
  94  32:27  Pylon  
  94  32:32  Pylon  
  94  32:41  Pylon  
  94  32:48  Phoenix  
  96  33:23  Phoenix  
  98  33:58  Phoenix  
  96  34:33  Phoenix  
Tags
 
Commander
ArtanisRaynor
Matchup
Co-op
Replay Pack
Multiplayer
Add a new tag
Caveats
  • Supply blocks, unpowered buildings, or Contaminate may cause inaccurate times.
  • Supply counts are checked every 10 seconds.